 Dungeon Crawl Stone Soup version 0.22.0-5-gf09313c8f9 (webtiles) character file.

4545 Htamos the Archer (level 10, -1/94 HPs)
             Began as a Centaur Earth Elementalist on Aug 14, 2018.
             Was a Believer of Trog.
             Killed from afar by Erica (7 damage)
             ... with an orb of energy
             ... on level 7 of the Dungeon.
             The game lasted 00:16:47 (9493 turns).

Htamos the Archer (Centaur Earth Elementalist)      Turns: 9493, Time: 00:16:48

Health: -1/94      AC: 11    Str:  9    XL:     10   Next: 17%
Magic:  12/12      EV:  8    Int: 14    God:    Trog [**....]
Gold:   434        SH:  0    Dex: 21    Spells: 11/12 levels left

rFire    . . .     SeeInvis .   D - +0 shortbow
rCold    . . .     Gourm    .   (shield currently unavailable)
rNeg     . . .     Faith    .   B - +3 ring mail of Ozxa Wia {rPois Regen+ Str-3 Dex+9}
rPois    +         Spirit   .   P - +0 helmet
rElec    .         Reflect  .   L - +0 cloak
rCorr    .         Harm     .   (no gloves)
MR       .....                  (no barding)
Stlth    ..........             (no amulet)
HPRegen  0.65/turn              (no ring)
MPRegen  0.13/turn              (no ring)

@: confused, very quick
A: large, hooves 3, deformed body, speed 2, tough skin 3
a: Berserk, Trog's Hand, Renounce Religion


You were on level 7 of the Dungeon.
You worshipped Trog.
Trog was pleased with you.
You were hungry.

You visited 2 branches of the dungeon, and saw 9 of its levels.

You collected 434 gold pieces.

Inventory:

Hand Weapons
 a - a +0 club
 j - a +0 whip
 n - a +0 hunting sling
 p - a +2 hunting sling of freezing
 D - a +0 shortbow (weapon)
Missiles
 b - 244 stones
 m - 133 arrows (quivered)
 o - 50 sling bullets
Armour
 c - a +0 robe
 f - a scarf of repulsion
 r - a +0 chain mail
 B - the +3 ring mail of Ozxa Wia (worn) {rPois Regen+ Str-3 Dex+9}
   (You took it off a gnoll on level 4 of the Dungeon)

   It affects your strength (-3).
   It affects your dexterity (+9).
   It protects you from poison.
   It increases your rate of regeneration.
 H - a +0 plate armour
 L - a +0 cloak (worn)
 P - a +0 helmet (worn)
Jewellery
 i - a cursed ring of teleportation {unknown}
 l - a +4 ring of dexterity {unknown}
 t - an uncursed ring of protection from magic {unknown}
 O - an uncursed ring of flight {unknown}
Wands
 C - a wand of random effects (33)
 J - a wand of iceblast (9)
 N - a wand of flame (20)
 Q - a wand of digging (6)
 S - a wand of disintegration (5)
Scrolls
 e - 3 scrolls of noise {unknown}
 h - 6 scrolls of remove curse {unknown}
 k - 3 scrolls of teleportation {unknown}
 q - 6 scrolls of identify {unknown}
 s - a scroll of immolation {unknown}
 w - 2 scrolls of enchant weapon {unknown}
 y - 2 scrolls of magic mapping {unknown}
 A - a scroll of amnesia {unknown}
 F - 4 scrolls of enchant armour {unknown}
 G - 3 scrolls of fog {unknown}
 K - a scroll of blinking {unknown}
 R - a scroll of fear {unknown}
Potions
 g - 2 potions of cancellation {unknown}
 u - 4 potions of heal wounds {unknown}
 v - a potion of brilliance {unknown}
 x - a potion of magic {unknown}
 z - a potion of might {unknown}
 E - 2 potions of berserk rage {unknown}
 M - a potion of flight {unknown}
Comestibles
 d - 13 rations
 I - 14 chunks of flesh


   Skills:
 + Level 10.5 Fighting
 * Level 10.9 Bows
 + Level 4.3 Armour
 - Level 1.4 Dodging
 - Level 1.2 Stealth
 - Level 1.6 Spellcasting
   Level 0.8 Transmutations
 - Level 2.7 Earth Magic


You had 11 spell levels left.
You knew the following spells:

 Your Spells              Type           Power        Failure   Level  Hunger
a - Sandblast             Erth           #.....       21%         1    ##.....

Your spell library contained the following spells:

 Spells                   Type           Power        Failure   Level  Hunger
 Confuse                  Hex            #.......     88%         3    ####...
 Stone Arrow              Conj/Erth      #.....       71%         3    ####...
 Confusing Touch          Hex            #.....       54%         1    ##.....
 Passwall                 Tmut/Erth      #.......     41%         2    ###....
 Metabolic Englaciation   Hex/Ice        #.........   100%        5    ######.
 Lee's Rapid Deconstruct  Erth           #.........   99%         5    ######.
 Petrify                  Tmut/Erth      #.......     96%         4    #####..
 Gell's Gravitas          Tloc           #.........   88%         3    ####...
 Yara's Violent Unravell  Hex/Tmut       #.........   100%        5    ######.


Dungeon Overview and Level Annotations

Branches:
Dungeon (8/15)             Temple (1/1) D:4
   Lair: D:8-11

Altars:
Ashenzari
Dithmenos
Elyvilon
Fedhas
Gozag
Hepliaklqana
Kikubaaqudgha
Makhleb
Nemelex Xobeh
Qazlal
Sif Muna
Trog
Uskayaw
Vehumet
Wu Jian
Yredelemnul
Zin
The Shining One

Shops:
D:4 }!%%*

Annotations:
D:2 exclusion: downstairs
D:4 exclusion: downstairs
D:7 exclusion: downstairs, Erica


Innate Abilities, Weirdness & Mutations

You have hooves in place of feet.
Armour fits poorly on your strangely shaped body.
You cover ground very quickly.
You have extremely tough skin. (AC +3)


Message History

* * * LOW HITPOINT WARNING * * *
The orb of energy explodes!
You hear some strange, mumbled words.
You are confused.
You bump into the rock wall.
You hear some strange, mumbled words.
An orb of energy appears from out of thin air!
The orb of energy hits you!
* * * LOW HITPOINT WARNING * * *
The orb of energy explodes!
You bump into the rock wall.
You hear some strange, mumbled words.
A bolt of poison appears from out of thin air!
The bolt of poison hits you! You resist.
* * * LOW HITPOINT WARNING * * *
You bump into the rock wall.
You hear some strange, mumbled words.
An orb of energy appears from out of thin air!
The orb of energy hits you!
You die...

.......#####......###...####.....
...........#...#.........#####...
...............#.#######..# ##...
#######............###..### #....
##.####..#.(...#..######....
######........##>##.............#
#.........###.##.###.#...#####..#
#.........# #.##.###.#.#.## ##..#
#.........# #.##@#...#....###...#
#.........# #.##.#.###.##.......#
#.........# #.##...#...##..###..#
#.........# #.######.#.##.......#
..........###.## #...#.##..#.....
..........#....###.###.##........
#.........#........# #[..........
###########.....######...........
##### #....## ##............


There were no monsters in sight!

Vanquished Creatures
  A two-headed ogre (D:7)
  Pikel (D:7)
  Menkaure (D:5)
  2 black bears (D:7)
  An orc warrior (D:7)
  A sky beast (D:6)
  An ice beast (D:8)
  2 phantoms
  3 slaves (D:7)
  5 ogres
  A necrophage (D:6)
  6 centaurs
  3 bullfrogs (D:7)
  A wyvern skeleton (D:7)
  2 scorpions (D:4)
  A killer bee (D:7)
  3 howler monkeys (D:8)
  2 crimson imps
  A bullfrog zombie (D:6)
  A quasit (D:6)
  4 jellies
  A bullfrog skeleton (D:7)
  7 orc priests
  3 hounds
  2 orc wizards (D:3)
  An iguana (D:7)
  6 worker ants
  A killer bee zombie (D:7)
  A worker ant zombie (D:6)
  15 gnolls
  A river rat (D:4)
  5 adders
  A shadow imp (D:6)
  8 oozes (D:4)
  An adder skeleton (D:5)
  2 worms
  6 leopard geckos
  20 orcs
  6 giant cockroaches
  8 hobgoblins
  3 jackals (D:2)
  7 quokkas
  3 ball pythons
  5 bats
  A frilled lizard (D:2)
  6 goblins
  13 kobolds
  A leopard gecko skeleton (D:6)
  A quokka skeleton (D:7)
  6 rats
184 creatures vanquished.

Vanquished Creatures (others)
  A bush (D:7)
  2 fungi (D:4)
  8 toadstools (D:4)
11 creatures vanquished.

Grand Total: 195 creatures vanquished

Notes
Turn   | Place    | Note
-------+----------+-------------------------------------------
     0 | D:1      | Htamos the Centaur Earth Elementalist began the quest for the Orb.
     0 | D:1      | Reached XP level 1. HP: 14/14 MP: 3/3
   324 | D:1      | Reached skill level 1 in Fighting
   545 | D:1      | Reached XP level 2. HP: 23/23 MP: 1/4
   834 | D:1      | Found a sparkling altar of Nemelex Xobeh.
  1211 | D:2      | Reached XP level 3. HP: 30/30 MP: 5/5
  1478 | D:2      | Reached XP level 4. HP: 38/38 MP: 6/6
  1972 | D:2      | Found a deep blue altar of Sif Muna.
  2494 | D:3      | Reached XP level 5. HP: 41/47 MP: 7/7
  2766 | D:3      | Reached skill level 5 in Fighting
  3286 | D:3      | Reached XP level 6. HP: 50/57 MP: 8/8
  3964 | D:4      | Found Konkeu Myff's Gadget Shop.
  4437 | D:4      | Found Rastiest's Food Boutique.
  4445 | D:4      | Found Wibiycla's Assorted Antiques.
  4461 | D:4      | Found Caddov's Food Shop.
  4548 | D:4      | Reached XP level 7. HP: 59/66 MP: 9/9
  4861 | D:4      | Found a staircase to the Ecumenical Temple.
  4874 | Temple   | Entered the Ecumenical Temple
  4964 | Temple   | Became a worshipper of Trog the Wrathful
  4992 | D:4      | Found Fampuh's Distillery.
  5308 | D:4      | Found a glowing silver altar of Zin.
  5399 | D:4      | Got a pitted ring mail
  5410 | D:4      | Identified the +3 ring mail of Ozxa Wia {rPois Regen+ Str-3 Dex+9} (You took it off a gnoll on level 4 of the Dungeon)
  5517 | D:4      | Reached skill level 1 in Bows
  5814 | D:5      | Entered Level 5 of the Dungeon
  5898 | D:5      | Noticed Menkaure
  6030 | D:5      | Reached XP level 8. HP: 77/77 MP: 10/10
  6180 | D:4      | Reached skill level 1 in Armour
  6223 | D:5      | Killed Menkaure
  6426 | D:5      | Reached * piety under Trog
  6426 | D:5      | Reached skill level 5 in Bows
  6748 | D:5      | Found a blossoming altar of Fedhas.
  7552 | D:6      | Reached XP level 9. HP: 80/84 MP: 11/11
  8103 | D:7      | Noticed Pikel
  8372 | D:7      | Killed Pikel
  8372 | D:7      | Reached skill level 10 in Fighting
  8667 | D:7      | Found a stormy altar of Qazlal.
  8755 | D:7      | Reached ** piety under Trog
  8957 | D:7      | Reached skill level 10 in Bows
  9082 | D:8      | Noticed a two-headed ogre
  9137 | D:7      | Killed a two-headed ogre
  9137 | D:7      | Reached XP level 10. HP: 94/94 MP: 12/12
  9459 | D:8      | Noticed Erica
  9493 | D:7      | Killed from afar by Erica

Skill      XL: |  1  2  3  4  5  6  7  8  9 |
---------------+----------------------------+-----
Fighting       | 1 2 3 4 5 7 8 9 10 | 10.5
Bows           | 2 7 10 | 10.9
Armour         | 2 4 |  4.3
Dodging        | |  1.4
Stealth        | |  1.2
Spellcasting   | |  1.6
Transmutations | |  0.8
Earth Magic    | |  2.7

Action                   |  1- 3 |  4- 6 |  7- 9 | 10-12 || total
-------------------------+-------+-------+-------+-------++-------
Melee: Club              |    20 |       |       |       ||    20
       Unarmed           |     3 |       |       |       ||     3
       Kick              |     5 |       |       |       ||     5
       Whip              |    11 |       |       |       ||    11
       Shortbow          |       |       |     1 |       ||     1
 Fire: Hunting sling     |    30 |   218 |    89 |       ||   337
       Shortbow          |       |       |   569 |   107 ||   676
 Cast: Sandblast         |    24 |       |       |       ||    24
  Eat: Chunk             |     1 |     8 |    12 |       ||    21
Armor: Robe              |    19 |       |       |       ||    19
       Chain mail        |       |    65 |    20 |       ||    85
       Ring mail         |       |       |   113 |    28 ||   141
Dodge: Dodged            |    31 |    10 |   113 |    28 ||   182
       Deflected         |       |     1 |    12 |       ||    13
